Griffins vs Rocket
(R1)
Created - April 28, 2022 at 19:03
Goals
|
| Griffins |
0 |
4 |
0 |
4 |
| Rocket |
2 |
4 |
2 |
8 |
|
Shots
|
| Griffins |
10 |
17 |
5 |
32 |
| Rocket |
7 |
19 |
8 |
34 |
|
1st period
1. Rocket , Peter Holland 18 (Danton Heinen 41) at 17:55
2. Rocket , Adam Fox 4 (Unassisted) at 18:17
Penalties :
Ty Rattie (Lav) for Tripping (Minor) at 0:45, Vladislav Namestnikov (Gra) for Hooking (Minor) at 10:36, Brandon Pirri (Lav) for Holding (Minor) at 18:24
2nd period
3. Griffins , Sonny Milano 10 (Danny Kristo 28) at 3:52
4. Griffins , Adam Gaudette 33 (Lucas Lessio 35, Riley Armstrong 46) at 4:26 (PP)
5. Rocket , Mattias Tedenby 37 (Corey Trivino 47, Brandon Pirri 32) at 4:46
6. Rocket , Brandon Pirri 22 (Mattias Tedenby 35, Corey Trivino 48) at 6:43 (PP)
7. Rocket , Dean Kukan 3 (Brandon Pirri 33, Mattias Tedenby 36) at 8:02 (PP)
8. Rocket , Brandon Pirri 23 (Corey Trivino 49, Mattias Tedenby 37) at 9:15 (PP)
9. Griffins , Danny Kristo 32 (Mathew Barzal 31) at 14:28
10. Griffins , Riley Armstrong 30 (Dmitri Orlov 23, Adam Gaudette 38) at 18:54 (PP)
Penalties :
Ian McCoshen (Gra) for Hooking (Minor) at 1:26, Corey Trivino (Lav) for Slashing (Minor) at 4:01, Sonny Milano (Gra) for Roughing (Minor) at 6:31, Ryan Pulock (Gra) for Slashing (Minor) at 7:27, Brendan Woods (Gra) for Interference (Minor) at 7:47, Andrey Pedan (Lav) for Hooking (Minor) at 18:18
3rd period
11. Rocket , Kole Sherwood 3 (Luca Sbisa 16, Mason Appleton 6) at 2:07
12. Rocket , Adam Fox 5 (Jakub Vrana 12, Mason Appleton 7) at 12:59
Penalties :
Andrey Pedan (Lav) for Delaying the game (Minor) at 4:55, Phil Oreskovic (Gra) for Slashing (Minor) at 9:48, Greg McKegg (Gra) for Tripping (Minor) at 13:29, Viktor Loov (Lav) for Tripping (Minor) at 16:51
Goalie Stats
Marcus Hogberg (Gra), 14 saves from 18 shots - (0.778), L, 5-3-2, 33:17 minutes
Olivier Roy (Gra), 12 saves from 16 shots - (0.750), 26:43 minutes
Igor Shesterkin (Lav), 28 saves from 32 shots - (0.875), W, 26-13-1, 60:00 minutes
Players Stats for Griffins
Player Name G A P +/- PIM S H SB GA TA FO MP PP MP PK MP
------------------------------------------------------------------------------------
Adam Gaudette 1 1 2 -2 0 6 1 1 0 1 1/3 18:07 5:17 0:00
Brendan Woods 0 0 0 -2 2 2 0 0 0 1 0/1 14:48 0:01 4:44
Danny Kristo 1 1 2 2 0 6 2 0 2 1 0/0 18:25 3:40 2:33
Dmitri Orlov 0 1 1 -3 0 1 3 0 0 0 0/0 17:29 4:13 0:00
Filip Hronek 0 0 0 0 0 0 0 0 0 0 0/0 4:21 0:00 2:08
Greg McKegg 0 0 0 -1 2 1 0 0 0 0 2/3 7:56 0:00 1:29
Ian McCoshen 0 0 0 2 2 1 0 1 1 0 0/0 12:23 0:00 3:17
Lucas Lessio 0 1 1 -3 0 2 2 0 0 0 4/12 25:08 5:17 6:01
Marcus Pettersson 0 0 0 -2 0 0 1 0 0 1 0/0 23:34 4:44 0:00
Martin Frk 0 0 0 -2 0 2 0 0 1 1 0/0 14:10 4:13 0:00
Mathew Barzal 0 1 1 2 0 1 3 0 0 0 7/18 16:13 3:40 0:33
Patrick Wiercioch 0 0 0 1 0 0 0 0 0 1 0/0 11:36 0:00 3:53
Phil Oreskovic 0 0 0 -1 2 0 0 0 0 1 0/0 22:37 0:00 5:06
Riley Armstrong 1 1 2 -2 0 5 2 2 0 1 13/28 17:50 5:16 0:00
Ryan Pulock 0 0 0 -3 2 0 0 2 0 3 0/0 23:34 4:44 5:28
Sonny Milano 1 0 1 2 2 3 3 0 1 1 0/2 18:04 3:40 2:23
Tanner Kero 0 0 0 -1 0 2 1 0 0 1 0/0 6:16 0:00 0:00
Troy Terry 0 0 0 -1 0 0 0 0 1 0 0/1 6:16 0:00 0:00
Vladislav Namestnikov 0 0 0 -1 2 0 3 0 0 0 3/7 10:55 0:00 1:53
Players Stats for Rocket
Player Name G A P +/- PIM S H SB GA TA FO MP PP MP PK MP
------------------------------------------------------------------------------------
Adam Fox 2 0 2 1 0 1 0 1 0 2 0/0 10:51 0:00 1:21
Adrian Kempe 0 0 0 1 0 2 0 0 0 1 0/0 17:50 4:08 3:11
Andrei Mironov 0 0 0 1 0 0 1 0 0 0 0/0 9:06 0:00 0:49
Andrey Pedan 0 0 0 2 4 1 1 0 0 0 0/0 19:02 3:20 2:21
Brandon Pirri 2 2 4 1 2 6 1 1 2 0 3/4 20:57 5:48 2:03
Corey Trivino 0 3 3 2 2 3 3 1 2 0 25/39 24:18 5:48 5:05
Danton Heinen 0 1 1 1 0 1 3 1 0 0 0/1 14:27 4:08 0:00
Dean Kukan 1 0 1 0 0 1 3 1 0 1 0/0 31:21 6:36 5:38
Dominic Turgeon 0 0 0 0 0 1 0 0 0 0 2/5 11:10 0:00 1:56
Jakub Vrana 0 1 1 0 0 3 1 0 0 0 0/0 7:58 0:00 0:02
Jiri Sekac 0 0 0 0 0 1 2 0 0 1 0/0 9:11 0:00 0:00
Kole Sherwood 1 0 1 0 0 1 1 0 0 0 1/1 7:56 0:00 0:00
Luca Sbisa 0 1 1 2 0 4 2 0 3 1 0/0 20:30 3:20 3:27
Mason Appleton 0 2 2 0 0 1 0 0 0 0 3/4 7:56 0:00 0:00
Mattias Tedenby 1 3 4 2 0 6 2 1 4 0 6/15 24:54 5:48 5:37
Peter Holland 1 0 1 1 0 1 2 0 0 0 4/5 14:27 4:08 0:00
Ty Rattie 0 0 0 0 2 0 1 0 0 0 1/1 9:22 0:00 0:00
Viktor Loov 0 0 0 0 2 1 3 0 2 0 0/0 29:40 6:36 4:18
3 Stars
1 - Mattias Tedenby (Lav)
2 - Brandon Pirri (Lav)
3 - Adam Fox (Lav)
Power Play
Griffins - 2 on 6 Attempt(s) - 33.33%
Rocket - 3 on 7 Attempt(s) - 42.86%
Penalty Kill
Griffins - 4 on 7 Attempt(s) - 57.14%
- Score 0 goal in Penalty Kill
Rocket - 4 on 6 Attempt(s) - 66.67%
- Score 0 goal in Penalty Kill
Team Stat
Griffins - Hits : 21 - Faceoff Wins : 30 - Blocked Shots : 6 - Penalty Minutes : 14
Rocket - Hits : 26 - Faceoff Wins : 45 - Blocked Shots : 6 - Penalty Minutes : 12
Official
Referees : Chris Schlenker and Brian Pochmara
Linesman : Kiel Murchison and James Tobias
Game Notes
18:17 of 1st period - Penalty Shot by Adam Fox for Rocket - Goal!
Marcus Hogberg enters game at 6:43 of 2nd period
Finance
Level 1 -- Attendance: 2000 (100.00%) -- Ticket Income $70,000
Level 2 -- Attendance: 1000 (100.00%) -- Ticket Income $15,000
Total Attendance: 3000 (100.00%)
Total Ticket Income: $85,000
Other Income: $4,250
Total Income: $89,250
Griffins
5 vs 5 Forward
Center Left Wing Right Wing Time % Phy DF OF
1 Riley Armstrong Lucas Lessio Adam Gaudette 37 1 2 2
2 Mathew Barzal Sonny Milano Danny Kristo 33 1 2 2
3 Vladislav Namestnikov Brendan Woods Martin Frk 20 1 2 2
4 Greg McKegg Tanner Kero Troy Terry 10 1 2 2
5 vs 5 Defense
Defense Defense Time % Phy DF OF
1 Marcus Pettersson Phil Oreskovic 40 1 2 2
2 Ryan Pulock Dmitri Orlov 30 1 2 2
3 Ian McCoshen Patrick Wiercioch 20 1 2 2
4 Ian McCoshen Filip Hronek 10 1 2 2
PowerPlay Forward
Center Left Wing Right Wing Time % Phy DF OF
1 Riley Armstrong Lucas Lessio Adam Gaudette 55 2 1 2
2 Mathew Barzal Sonny Milano Danny Kristo 45 2 1 2
PowerPlay Defense
Defense Defense Time % Phy DF OF
1 Ryan Pulock Marcus Pettersson 55 0 2 3
2 Dmitri Orlov Martin Frk 45 0 2 3
Penalty Kill 4 Players Forward
Center Wing Time % Phy DF OF
1 Lucas Lessio Brendan Woods 60 1 3 1
2 Vladislav Namestnikov Danny Kristo 40 1 3 1
Penalty Kill 4 Players Defense
Defense Defense Time % Phy DF OF
1 Ryan Pulock Phil Oreskovic 60 1 3 1
2 Patrick Wiercioch Ian McCoshen 40 1 3 1
Penalty Kill - 3 Players Forward
Forward Time % Phy DF OF
1 Brendan Woods 60 1 4 0
2 Danny Kristo 40 1 4 0
Penalty Kill - 3 Players Defense
Defense Defense Time % Phy DF OF
1 Ian McCoshen Phil Oreskovic 60 1 4 0
2 Patrick Wiercioch Ryan Pulock 40 1 4 0
4 vs 4 Forward
Center Wing Time % Phy DF OF
1 Riley Armstrong Adam Gaudette 60 1 2 2
2 Mathew Barzal Brendan Woods 40 1 2 2
4 vs 4 Defense
Defense Defense Time % Phy DF OF
1 Marcus Pettersson Phil Oreskovic 60 1 2 2
2 Dmitri Orlov Ian McCoshen 40 1 2 2
Last Minutes Offensive
Center Left Wing Right Wing Defense Defense
Riley Armstrong Lucas Lessio Adam Gaudette Dmitri Orlov Marcus Pettersson
Last Minutes Defensive
Center Left Wing Right Wing Defense Defense
Riley Armstrong Brendan Woods Danny Kristo Ryan Pulock Phil Oreskovic
Goaltenders
Starting : Olivier Roy
Backup : Marcus Hogberg
Extra Forwards
Normal : Brendan Woods, Lucas Lessio, Martin Frk - PP : Brendan Woods, Lucas Lessio - PK : Brendan Woods
Extra Defensemen
Normal : Marcus Pettersson, Ian McCoshen, Patrick Wiercioch - PP : Ian McCoshen - PK : Filip Hronek, Patrick Wiercioch
Penalty Shots
Adam Gaudette, Sonny Milano, Danny Kristo, Vladislav Namestnikov, Troy Terry
Scratches
Garrett Wilson (Healthy), Jack Ramsey (Healthy), Jordan Weal (Healthy), Konrad Abeltshauser (Healthy), Michael Bunting (Healthy)
Nikita Pavlychev (Healthy), Ryan Mantha (Healthy), Tomas Hyka (Healthy), Ryan Lindgren (Healthy), Philippe Desrosiers (Healthy)
Adam Werner (Healthy)
Rocket
5 vs 5 Forward
Center Left Wing Right Wing Time % Phy DF OF
1 Corey Trivino Brandon Pirri Mattias Tedenby 40 1 2 2
2 Peter Holland Adrian Kempe Danton Heinen 30 1 2 2
3 Dominic Turgeon Jiri Sekac Ty Rattie 20 1 2 2
4 Mason Appleton Jakub Vrana Kole Sherwood 10 1 2 2
5 vs 5 Defense
Defense Defense Time % Phy DF OF
1 Viktor Loov Dean Kukan 40 1 2 2
2 Andrey Pedan Luca Sbisa 30 1 2 2
3 Andrei Mironov Adam Fox 20 1 2 2
4 Viktor Loov Dean Kukan 10 1 2 2
PowerPlay Forward
Center Left Wing Right Wing Time % Phy DF OF
1 Corey Trivino Brandon Pirri Mattias Tedenby 60 1 2 2
2 Peter Holland Adrian Kempe Danton Heinen 40 1 2 2
PowerPlay Defense
Defense Defense Time % Phy DF OF
1 Viktor Loov Dean Kukan 60 1 2 2
2 Andrey Pedan Luca Sbisa 40 1 2 2
Penalty Kill 4 Players Forward
Center Wing Time % Phy DF OF
1 Mattias Tedenby Corey Trivino 60 1 2 2
2 Brandon Pirri Adrian Kempe 40 1 2 2
Penalty Kill 4 Players Defense
Defense Defense Time % Phy DF OF
1 Viktor Loov Dean Kukan 60 1 2 2
2 Andrey Pedan Luca Sbisa 40 1 2 2
Penalty Kill - 3 Players Forward
Forward Time % Phy DF OF
1 Mattias Tedenby 60 1 2 2
2 Corey Trivino 40 1 2 2
Penalty Kill - 3 Players Defense
Defense Defense Time % Phy DF OF
1 Viktor Loov Dean Kukan 60 1 2 2
2 Andrey Pedan Luca Sbisa 40 1 2 2
4 vs 4 Forward
Center Wing Time % Phy DF OF
1 Mattias Tedenby Corey Trivino 60 1 2 2
2 Brandon Pirri Adrian Kempe 40 1 2 2
4 vs 4 Defense
Defense Defense Time % Phy DF OF
1 Viktor Loov Dean Kukan 60 1 2 2
2 Andrey Pedan Luca Sbisa 40 1 2 2
Last Minutes Offensive
Center Left Wing Right Wing Defense Defense
Corey Trivino Brandon Pirri Mattias Tedenby Viktor Loov Dean Kukan
Last Minutes Defensive
Center Left Wing Right Wing Defense Defense
Corey Trivino Brandon Pirri Mattias Tedenby Viktor Loov Dean Kukan
Goaltenders
Starting : Igor Shesterkin
Backup : Sami Aittokallio
Extra Forwards
Normal : Jiri Sekac, Jakub Vrana, Dominic Turgeon - PP : Jiri Sekac, Jakub Vrana - PK : Dominic Turgeon
Extra Defensemen
Normal : Andrei Mironov, Adam Fox, Andrey Pedan - PP : Andrei Mironov - PK : Adam Fox, Andrey Pedan
Penalty Shots
Mattias Tedenby, Corey Trivino, Brandon Pirri, Adrian Kempe, Danton Heinen
Scratches
Daniel Sprong (Healthy), Dylan DeMelo (Healthy), Guillaume Brisebois (Healthy), Jack Glover (Bruised Right Foot Injury), Ryan Collins (Healthy)
Sergey Tolchinsky (Healthy), Tyler Lewington (Healthy), Karson Kuhlman (Healthy), Luke Kunin (Healthy), Mikhail Maltsev (Healthy)
% Time on Ice - Griffins
Lines # - Real PCT - Wanted PCT - Time Play
Normal Forward
1 - 34% - 37% - 13:50
2 - 30% - 33% - 12:12
3 - 21% - 20% - 8:49
4 - 15% - 10% - 6:16
Normal Defense
1 - 45% - 40% - 18:37
2 - 31% - 30% - 12:45
3 - 19% - 20% - 7:43
4 - 5% - 10% - 2:02
PP Forward
1 - 59% - 55% - 5:17
2 - 41% - 45% - 3:40
PP Defense
1 - 53% - 55% - 4:44
2 - 47% - 45% - 4:13
PK Forward
1 - 74% - 60% - 7:08
2 - 26% - 40% - 2:33
PK Defense
1 - 60% - 60% - 5:48
2 - 40% - 40% - 3:53
PK3 Forward
1 - 100% - 60% - 0:15
2 - 0% - 40% - 0:00
PK3 Defense
1 - 100% - 60% - 0:15
2 - 0% - 40% - 0:00
44 Forward
1 - 0% - 60%
2 - 0% - 40%
44 Defense
1 - 0% - 60%
2 - 0% - 40%
Last Minute Offensive - 0:00
Last Minute Defensive - 0:00
Total
Forward - 60:00
Defense - 60:00
|
% Time on Ice - Rocket
Lines # - Real PCT - Wanted PCT - Time Play
Normal Forward
1 - 33% - 40% - 13:29
2 - 26% - 30% - 10:31
3 - 22% - 20% - 9:11
4 - 19% - 10% - 7:56
Normal Defense
1 - 41% - 40% - 16:47
2 - 33% - 30% - 13:43
3 - 20% - 20% - 8:17
4 - 6% - 10% - 2:20
PP Forward
1 - 58% - 60% - 5:48
2 - 42% - 40% - 4:08
PP Defense
1 - 66% - 60% - 6:36
2 - 34% - 40% - 3:20
PK Forward
1 - 73% - 60% - 6:33
2 - 27% - 40% - 2:24
PK Defense
1 - 61% - 60% - 5:30
2 - 39% - 40% - 3:27
PK3 Forward
1 - 0% - 60%
2 - 0% - 40%
PK3 Defense
1 - 0% - 60%
2 - 0% - 40%
44 Forward
1 - 0% - 60%
2 - 0% - 40%
44 Defense
1 - 0% - 60%
2 - 0% - 40%
Last Minute Offensive - 0:00
Last Minute Defensive - 0:00
Total
Forward - 60:00
Defense - 60:00
|
Play-by-Play
1st period
0:01 of 1st period - Corey Trivino wins face-off versus Riley Armstrong in neutral zone.
0:45 of 1st period - Minor Penalty to Ty Rattie for Tripping.
0:46 of 1st period - Riley Armstrong wins face-off versus Mattias Tedenby in Rocket zone.
2:45 of 1st period - Penalty to Ty Rattie is over, Ty Rattie is back on ice.
2:50 of 1st period - Backhand shot by Troy Terry.
2:50 of 1st period - Shot Misses the Net.
2:56 of 1st period - Wrist shot by Tanner Kero.
2:56 of 1st period - Stopped by Igor Shesterkin without a rebound.
2:57 of 1st period - Greg McKegg wins face-off versus Dominic Turgeon in Rocket zone.
3:24 of 1st period - Brendan Woods is hit by Kole Sherwood and loses puck.
3:29 of 1st period - Slapshot by Luca Sbisa.
3:29 of 1st period - Shot Misses the Net.
4:00 of 1st period - Off-side.
4:01 of 1st period - Adam Gaudette wins face-off versus Corey Trivino in neutral zone.
4:26 of 1st period - Dean Kukan is hit by Dmitri Orlov.
4:32 of 1st period - Wrist shot by Danny Kristo.
4:32 of 1st period - Shot Blocked by Danton Heinen.
4:34 of 1st period - Snap shot by Danny Kristo.
4:34 of 1st period - Shot Misses the Net.
4:36 of 1st period - Snap shot by Mathew Barzal.
4:36 of 1st period - Shot Misses the Net.
4:45 of 1st period - Off-side.
4:46 of 1st period - Vladislav Namestnikov wins face-off versus Dominic Turgeon in neutral zone.
5:01 of 1st period - Marcus Pettersson is hit by Luca Sbisa and loses puck.
5:44 of 1st period - Wrist shot by Sonny Milano.
5:44 of 1st period - Deflect By Danny Kristo.
5:44 of 1st period - Shot Blocked by Adam Fox.
5:44 of 1st period - Puck is out of play.
5:45 of 1st period - Vladislav Namestnikov wins face-off versus Corey Trivino in Rocket zone.
5:46 of 1st period - Slapshot by Martin Frk.
5:46 of 1st period - Stopped by Igor Shesterkin without a rebound.
5:47 of 1st period - Corey Trivino wins face-off versus Vladislav Namestnikov in Rocket zone.
6:38 of 1st period - Off-side.
6:39 of 1st period - Riley Armstrong wins face-off versus Corey Trivino in neutral zone.
6:46 of 1st period - Snap shot by Lucas Lessio.
6:46 of 1st period - Stopped by Igor Shesterkin with a rebound.
6:52 of 1st period - Snap shot by Mattias Tedenby.
6:52 of 1st period - Stopped by Olivier Roy with a rebound.
8:15 of 1st period - Snap shot by Brandon Pirri.
8:15 of 1st period - Stopped by Olivier Roy without a rebound.
8:16 of 1st period - Mathew Barzal wins face-off versus Corey Trivino in Griffins zone.
8:23 of 1st period - Slapshot by Danny Kristo.
8:23 of 1st period - Stopped by Igor Shesterkin without a rebound.
8:24 of 1st period - Corey Trivino wins face-off versus Mathew Barzal in Rocket zone.
8:46 of 1st period - Wrist shot by Danny Kristo.
8:46 of 1st period - Shot Misses the Net.
8:48 of 1st period - Wrist shot by Danny Kristo.
8:48 of 1st period - Stopped by Igor Shesterkin with a rebound.
8:50 of 1st period - Snap shot by Danny Kristo.
8:50 of 1st period - Shot Misses the Net.
8:52 of 1st period - Wrist shot by Danny Kristo.
8:52 of 1st period - Deflect By Mathew Barzal.
8:52 of 1st period - Shot Blocked by Dean Kukan.
8:52 of 1st period - Puck is out of play.
8:53 of 1st period - Peter Holland wins face-off versus Riley Armstrong in Rocket zone.
9:09 of 1st period - Wrist shot by Riley Armstrong.
9:09 of 1st period - Stopped by Igor Shesterkin without a rebound.
9:10 of 1st period - Mathew Barzal wins face-off versus Corey Trivino in Rocket zone.
9:21 of 1st period - Mathew Barzal is hit by Mattias Tedenby.
9:22 of 1st period - Icing by Mathew Barzal.
9:23 of 1st period - Corey Trivino wins face-off versus Mathew Barzal in Griffins zone.
9:50 of 1st period - Wrist shot by Lucas Lessio.
9:50 of 1st period - Stopped by Igor Shesterkin without a rebound.
9:51 of 1st period - Peter Holland wins face-off versus Riley Armstrong in Rocket zone.
9:58 of 1st period - Snap shot by Danton Heinen.
9:58 of 1st period - Stopped by Olivier Roy without a rebound.
9:59 of 1st period - Brandon Pirri wins face-off versus Riley Armstrong in Griffins zone.
10:02 of 1st period - Snap shot by Brandon Pirri.
10:02 of 1st period - Stopped by Olivier Roy without a rebound.
10:03 of 1st period - Lucas Lessio wins face-off versus Mattias Tedenby in Griffins zone.
10:14 of 1st period - Wrist shot by Adam Gaudette.
10:14 of 1st period - Stopped by Igor Shesterkin with a rebound.
10:28 of 1st period - Ian McCoshen is hit by Dean Kukan and loses puck.
10:36 of 1st period - Minor Penalty to Vladislav Namestnikov for Hooking.
10:37 of 1st period - Lucas Lessio wins face-off versus Corey Trivino in Griffins zone.
11:09 of 1st period - Phil Oreskovic is hit by Peter Holland and loses puck.
12:36 of 1st period - Penalty to Vladislav Namestnikov is over, Vladislav Namestnikov is back on ice.
13:05 of 1st period - Wrist shot by Jakub Vrana.
13:05 of 1st period - Stopped by Olivier Roy with a rebound.
14:34 of 1st period - Patrick Wiercioch is hit by Jiri Sekac and loses puck.
15:05 of 1st period - Danny Kristo is hit by Viktor Loov and loses puck.
15:17 of 1st period - Danny Kristo is hit by Dean Kukan and loses puck.
15:48 of 1st period - Jakub Vrana is hit by Riley Armstrong and loses puck.
16:09 of 1st period - Luca Sbisa is hit by Tanner Kero and loses puck.
16:22 of 1st period - Wrist shot by Martin Frk.
16:22 of 1st period - Shot Blocked by Corey Trivino.
16:39 of 1st period - Adam Gaudette is hit by Viktor Loov and loses puck.
16:44 of 1st period - Wrist shot by Viktor Loov.
16:44 of 1st period - Shot Blocked by Ryan Pulock.
16:46 of 1st period - Slapshot by Viktor Loov.
16:46 of 1st period - Shot Blocked by Ryan Pulock.
16:48 of 1st period - Slapshot by Dean Kukan.
16:48 of 1st period - Shot Blocked by Adam Gaudette.
16:50 of 1st period - Slapshot by Dominic Turgeon.
16:50 of 1st period - Stopped by Olivier Roy with a rebound.
17:02 of 1st period - Dmitri Orlov is hit by Danton Heinen and loses puck.
17:44 of 1st period - Snap shot by Riley Armstrong.
17:44 of 1st period - Shot Misses the Net.
17:50 of 1st period - Marcus Pettersson is hit by Peter Holland and loses puck.
17:55 of 1st period - Slapshot by Peter Holland.
17:55 of 1st period - Goal by Peter Holland - Griffins : 0 - Rocket : 1.
17:56 of 1st period - Corey Trivino wins face-off versus Mathew Barzal in neutral zone.
18:17 of 1st period - Penalty Shot by Adam Fox for Rocket.
18:17 of 1st period - Snap shot by Adam Fox.
18:17 of 1st period - Goal by Adam Fox - Griffins : 0 - Rocket : 2.
18:18 of 1st period - Mathew Barzal wins face-off versus Corey Trivino in neutral zone.
18:19 of 1st period - Mathew Barzal wins face-off versus Mattias Tedenby in Rocket zone.
18:22 of 1st period - Snap shot by Mathew Barzal.
18:22 of 1st period - Stopped by Igor Shesterkin with a rebound.
18:24 of 1st period - Minor Penalty to Brandon Pirri for Holding.
18:25 of 1st period - Mattias Tedenby wins face-off versus Riley Armstrong in Rocket zone.
18:50 of 1st period - Viktor Loov is hit by Mathew Barzal and loses puck.
18:59 of 1st period - Snap shot by Sonny Milano.
18:59 of 1st period - Stopped by Igor Shesterkin with a rebound.
Goals for this period are 0 for Griffins vs 2 for Rocket.
Shots for this period are 10 for Griffins vs 7 for Rocket.
2nd period
0:01 of 2nd period - Mattias Tedenby wins face-off versus Riley Armstrong in neutral zone.
0:16 of 2nd period - Dean Kukan is hit by Adam Gaudette and loses puck.
0:24 of 2nd period - Penalty to Brandon Pirri is over, Brandon Pirri is back on ice.
0:51 of 2nd period - Wrist shot by Jakub Vrana.
0:51 of 2nd period - Stopped by Olivier Roy with a rebound.
0:53 of 2nd period - Slapshot by Andrey Pedan.
0:53 of 2nd period - Stopped by Olivier Roy with a rebound.
0:55 of 2nd period - Slapshot by Luca Sbisa.
0:55 of 2nd period - Deflect By Mason Appleton.
0:55 of 2nd period - Shot Misses the Net.
0:55 of 2nd period - Puck is out of play.
0:56 of 2nd period - Riley Armstrong wins face-off versus Mason Appleton in Griffins zone.
1:03 of 2nd period - Slapshot by Mason Appleton.
1:03 of 2nd period - Shot Misses the Net.
1:05 of 2nd period - Slapshot by Luca Sbisa.
1:05 of 2nd period - Shot Blocked by Riley Armstrong.
1:07 of 2nd period - Slapshot by Andrey Pedan.
1:07 of 2nd period - Shot Blocked by Ian McCoshen.
1:09 of 2nd period - Slapshot by Luca Sbisa.
1:09 of 2nd period - Stopped by Olivier Roy without a rebound.
1:10 of 2nd period - Corey Trivino wins face-off versus Mathew Barzal in Griffins zone.
1:17 of 2nd period - Slapshot by Brandon Pirri.
1:17 of 2nd period - Stopped by Olivier Roy without a rebound.
1:18 of 2nd period - Corey Trivino wins face-off versus Mathew Barzal in Griffins zone.
1:26 of 2nd period - Minor Penalty to Ian McCoshen for Hooking.
1:27 of 2nd period - Lucas Lessio wins face-off versus Corey Trivino in Griffins zone.
1:56 of 2nd period - Off-side.
1:57 of 2nd period - Peter Holland wins face-off versus Lucas Lessio in neutral zone.
2:15 of 2nd period - Wrist shot by Adrian Kempe.
2:15 of 2nd period - Stopped by Olivier Roy with a rebound.
2:17 of 2nd period - Slapshot by Luca Sbisa.
2:17 of 2nd period - Deflect By Adrian Kempe.
2:17 of 2nd period - Shot Misses the Net.
2:17 of 2nd period - Puck is out of play.
2:18 of 2nd period - Corey Trivino wins face-off versus Vladislav Namestnikov in Griffins zone.
2:43 of 2nd period - Ryan Pulock is hit by Viktor Loov and loses puck.
3:08 of 2nd period - Danny Kristo is hit by Corey Trivino and loses puck.
3:26 of 2nd period - Penalty to Ian McCoshen is over, Ian McCoshen is back on ice.
3:52 of 2nd period - Slapshot by Sonny Milano.
3:52 of 2nd period - Goal by Sonny Milano - Griffins : 1 - Rocket : 2.
3:53 of 2nd period - Riley Armstrong wins face-off versus Corey Trivino in neutral zone.
4:01 of 2nd period - Minor Penalty to Corey Trivino for Slashing.
4:02 of 2nd period - Riley Armstrong wins face-off versus Mattias Tedenby in Rocket zone.
4:14 of 2nd period - Snap shot by Riley Armstrong.
4:14 of 2nd period - Stopped by Igor Shesterkin without a rebound.
4:15 of 2nd period - Riley Armstrong wins face-off versus Mattias Tedenby in Rocket zone.
4:16 of 2nd period - Backhand shot by Adam Gaudette.
4:16 of 2nd period - Stopped by Igor Shesterkin with a rebound.
4:26 of 2nd period - Snap shot by Adam Gaudette.
4:26 of 2nd period - Goal by Adam Gaudette - Griffins : 2 - Rocket : 2.
4:27 of 2nd period - Corey Trivino wins face-off versus Adam Gaudette in neutral zone.
4:30 of 2nd period - Wrist shot by Mattias Tedenby.
4:30 of 2nd period - Stopped by Olivier Roy with a rebound.
4:34 of 2nd period - Wrist shot by Corey Trivino.
4:34 of 2nd period - Stopped by Olivier Roy without a rebound.
4:35 of 2nd period - Corey Trivino wins face-off versus Riley Armstrong in Griffins zone.
4:42 of 2nd period - Snap shot by Mattias Tedenby.
4:42 of 2nd period - Shot Blocked by Riley Armstrong.
4:44 of 2nd period - Wrist shot by Corey Trivino.
4:44 of 2nd period - Shot Misses the Net.
4:46 of 2nd period - Slapshot by Mattias Tedenby.
4:46 of 2nd period - Goal by Mattias Tedenby - Griffins : 2 - Rocket : 3.
4:47 of 2nd period - Riley Armstrong wins face-off versus Mattias Tedenby in neutral zone.
4:54 of 2nd period - Snap shot by Adam Gaudette.
4:54 of 2nd period - Stopped by Igor Shesterkin without a rebound.
4:55 of 2nd period - Riley Armstrong wins face-off versus Corey Trivino in Rocket zone.
4:58 of 2nd period - Snap shot by Riley Armstrong.
4:58 of 2nd period - Shot Blocked by Brandon Pirri.
5:08 of 2nd period - Wrist shot by Adam Gaudette.
5:08 of 2nd period - Stopped by Igor Shesterkin without a rebound.
5:09 of 2nd period - Brandon Pirri wins face-off versus Mathew Barzal in Rocket zone.
5:09 of 2nd period - Brandon Pirri is hit by Mathew Barzal.
5:35 of 2nd period - Peter Holland is hit by Riley Armstrong and loses puck.
6:24 of 2nd period - Slapshot by Greg McKegg.
6:24 of 2nd period - Stopped by Igor Shesterkin with a rebound.
6:27 of 2nd period - Icing by Kole Sherwood.
6:28 of 2nd period - Mason Appleton wins face-off versus Mathew Barzal in Rocket zone.
6:28 of 2nd period - Mason Appleton is hit by Dmitri Orlov.
6:31 of 2nd period - Minor Penalty to Sonny Milano for Roughing.
6:32 of 2nd period - Corey Trivino wins face-off versus Lucas Lessio in Griffins zone.
6:43 of 2nd period - Wrist shot by Brandon Pirri.
6:43 of 2nd period - Goal by Brandon Pirri - Griffins : 2 - Rocket : 4.
6:43 of 2nd period - Marcus Hogberg enters game.
6:44 of 2nd period - Corey Trivino wins face-off versus Riley Armstrong in neutral zone.
6:54 of 2nd period - Wrist shot by Mattias Tedenby.
6:54 of 2nd period - Stopped by Marcus Hogberg without a rebound.
6:55 of 2nd period - Corey Trivino wins face-off versus Mathew Barzal in Griffins zone.
7:04 of 2nd period - Slapshot by Sonny Milano.
7:04 of 2nd period - Deflect By Danny Kristo.
7:04 of 2nd period - Stopped by Igor Shesterkin with a rebound.
7:06 of 2nd period - Snap shot by Danny Kristo.
7:06 of 2nd period - Stopped by Igor Shesterkin with a rebound.
7:08 of 2nd period - Slapshot by Marcus Pettersson.
7:08 of 2nd period - Shot Misses the Net.
7:10 of 2nd period - Snap shot by Sonny Milano.
7:10 of 2nd period - Stopped by Igor Shesterkin with a rebound.
7:27 of 2nd period - Minor Penalty to Ryan Pulock for Slashing.
7:28 of 2nd period - Corey Trivino wins face-off versus Lucas Lessio in Griffins zone.
7:30 of 2nd period - Backhand shot by Brandon Pirri.
7:30 of 2nd period - Shot Misses the Net.
7:47 of 2nd period - Minor Penalty to Brendan Woods for Interference.
7:48 of 2nd period - Greg McKegg wins face-off versus Mattias Tedenby in Griffins zone.
7:58 of 2nd period - Snap shot by Brandon Pirri.
7:58 of 2nd period - Shot Misses the Net.
8:00 of 2nd period - Slapshot by Dean Kukan.
8:00 of 2nd period - Shot Misses the Net.
8:02 of 2nd period - Slapshot by Dean Kukan.
8:02 of 2nd period - Goal by Dean Kukan - Griffins : 2 - Rocket : 5.
8:03 of 2nd period - Corey Trivino wins face-off versus Lucas Lessio in neutral zone.
8:06 of 2nd period - Slapshot by Viktor Loov.
8:06 of 2nd period - Stopped by Marcus Hogberg without a rebound.
8:07 of 2nd period - Mattias Tedenby wins face-off versus Lucas Lessio in Griffins zone.
8:10 of 2nd period - Wrist shot by Corey Trivino.
8:10 of 2nd period - Stopped by Marcus Hogberg with a rebound.
8:42 of 2nd period - Wrist shot by Adrian Kempe.
8:42 of 2nd period - Deflect By Danton Heinen.
8:42 of 2nd period - Shot Misses the Net.
8:42 of 2nd period - Puck is out of play.
8:43 of 2nd period - Lucas Lessio wins face-off versus Corey Trivino in Griffins zone.
8:54 of 2nd period - Ian McCoshen is hit by Danton Heinen and loses puck.
9:01 of 2nd period - Wrist shot by Adrian Kempe.
9:01 of 2nd period - Stopped by Marcus Hogberg without a rebound.
9:02 of 2nd period - Corey Trivino wins face-off versus Lucas Lessio in Griffins zone.
9:15 of 2nd period - Snap shot by Brandon Pirri.
9:15 of 2nd period - Goal by Brandon Pirri - Griffins : 2 - Rocket : 6.
9:16 of 2nd period - Vladislav Namestnikov wins face-off versus Corey Trivino in neutral zone.
9:41 of 2nd period - Viktor Loov is hit by Danny Kristo and loses puck.
10:14 of 2nd period - Snap shot by Mattias Tedenby.
10:14 of 2nd period - Stopped by Marcus Hogberg without a rebound.
10:15 of 2nd period - Riley Armstrong wins face-off versus Peter Holland in Griffins zone.
11:01 of 2nd period - Slapshot by Mason Appleton.
11:01 of 2nd period - Stopped by Marcus Hogberg with a rebound.
11:40 of 2nd period - Ty Rattie is hit by Sonny Milano.
12:34 of 2nd period - Kole Sherwood is hit by Marcus Pettersson and loses puck.
12:41 of 2nd period - Wrist shot by Tanner Kero.
12:41 of 2nd period - Shot Misses the Net.
12:45 of 2nd period - Snap shot by Greg McKegg.
12:45 of 2nd period - Shot Misses the Net.
12:47 of 2nd period - Slapshot by Ian McCoshen.
12:47 of 2nd period - Stopped by Igor Shesterkin with a rebound.
13:20 of 2nd period - Marcus Pettersson is hit by Corey Trivino and loses puck.
13:42 of 2nd period - Lucas Lessio is hit by Andrei Mironov and loses puck.
14:20 of 2nd period - Slapshot by Mason Appleton.
14:20 of 2nd period - Deflect By Jakub Vrana.
14:20 of 2nd period - Shot Misses the Net.
14:20 of 2nd period - Puck is out of play.
14:21 of 2nd period - Kole Sherwood wins face-off versus Mathew Barzal in Griffins zone.
14:22 of 2nd period - Wrist shot by Jakub Vrana.
14:22 of 2nd period - Stopped by Marcus Hogberg with a rebound.
14:28 of 2nd period - Wrist shot by Danny Kristo.
14:28 of 2nd period - Goal by Danny Kristo - Griffins : 3 - Rocket : 6.
14:29 of 2nd period - Corey Trivino wins face-off versus Adam Gaudette in neutral zone.
14:54 of 2nd period - Danny Kristo is hit by Andrey Pedan and loses puck.
15:14 of 2nd period - Icing by Jakub Vrana.
15:15 of 2nd period - Mason Appleton wins face-off versus Brendan Woods in Rocket zone.
15:47 of 2nd period - Off-side.
15:48 of 2nd period - Corey Trivino wins face-off versus Riley Armstrong in neutral zone.
15:51 of 2nd period - Slapshot by Luca Sbisa.
15:51 of 2nd period - Stopped by Marcus Hogberg with a rebound.
16:15 of 2nd period - Adrian Kempe is hit by Sonny Milano and loses puck.
16:20 of 2nd period - Snap shot by Sonny Milano.
16:20 of 2nd period - Shot Hit the Post.
16:22 of 2nd period - Snap shot by Danny Kristo.
16:22 of 2nd period - Shot Misses the Net.
16:31 of 2nd period - Off-side.
16:32 of 2nd period - Ty Rattie wins face-off versus Vladislav Namestnikov in neutral zone.
17:20 of 2nd period - Wrist shot by Brendan Woods.
17:20 of 2nd period - Stopped by Igor Shesterkin with a rebound.
17:24 of 2nd period - Slapshot by Martin Frk.
17:24 of 2nd period - Stopped by Igor Shesterkin with a rebound.
17:26 of 2nd period - Slapshot by Dmitri Orlov.
17:26 of 2nd period - Stopped by Igor Shesterkin with a rebound.
17:28 of 2nd period - Slapshot by Brendan Woods.
17:28 of 2nd period - Stopped by Igor Shesterkin without a rebound.
17:29 of 2nd period - Corey Trivino wins face-off versus Riley Armstrong in Rocket zone.
17:46 of 2nd period - Corey Trivino is hit by Lucas Lessio and loses puck.
18:18 of 2nd period - Minor Penalty to Andrey Pedan for Hooking.
18:19 of 2nd period - Mattias Tedenby wins face-off versus Riley Armstrong in Rocket zone.
18:30 of 2nd period - Icing by Adam Gaudette.
18:31 of 2nd period - Mattias Tedenby wins face-off versus Riley Armstrong in Griffins zone.
18:54 of 2nd period - Slapshot by Riley Armstrong.
18:54 of 2nd period - Goal by Riley Armstrong - Griffins : 4 - Rocket : 6.
18:55 of 2nd period - Riley Armstrong wins face-off versus Corey Trivino in neutral zone.
19:02 of 2nd period - Wrist shot by Riley Armstrong.
19:02 of 2nd period - Shot Blocked by Mattias Tedenby.
19:17 of 2nd period - Icing by Dean Kukan.
19:18 of 2nd period - Corey Trivino wins face-off versus Mathew Barzal in Rocket zone.
19:18 of 2nd period - Corey Trivino is hit by Mathew Barzal.
19:30 of 2nd period - Danton Heinen is hit by Sonny Milano and loses puck.
Goals for this period are 4 for Griffins vs 4 for Rocket.
Shots for this period are 17 for Griffins vs 19 for Rocket.
3rd period
0:01 of 3rd period - Riley Armstrong wins face-off versus Brandon Pirri in neutral zone.
0:10 of 3rd period - Snap shot by Mattias Tedenby.
0:10 of 3rd period - Stopped by Marcus Hogberg with a rebound.
0:12 of 3rd period - Wrist shot by Mattias Tedenby.
0:12 of 3rd period - Shot Misses the Net.
0:14 of 3rd period - Snap shot by Mattias Tedenby.
0:14 of 3rd period - Deflect By Corey Trivino.
0:14 of 3rd period - Stopped by Marcus Hogberg without a rebound.
0:15 of 3rd period - Mathew Barzal wins face-off versus Danton Heinen in Griffins zone.
0:53 of 3rd period - Phil Oreskovic is hit by Corey Trivino and loses puck.
1:06 of 3rd period - Jiri Sekac is hit by Vladislav Namestnikov.
1:25 of 3rd period - Off-side.
1:26 of 3rd period - Mason Appleton wins face-off versus Greg McKegg in neutral zone.
1:41 of 3rd period - Snap shot by Tanner Kero.
1:41 of 3rd period - Stopped by Igor Shesterkin with a rebound.
2:03 of 3rd period - Snap shot by Mason Appleton.
2:03 of 3rd period - Shot Misses the Net.
2:05 of 3rd period - Slapshot by Luca Sbisa.
2:05 of 3rd period - Stopped by Marcus Hogberg with a rebound.
2:07 of 3rd period - Snap shot by Kole Sherwood.
2:07 of 3rd period - Goal by Kole Sherwood - Griffins : 4 - Rocket : 7.
2:08 of 3rd period - Corey Trivino wins face-off versus Riley Armstrong in neutral zone.
4:49 of 3rd period - Andrey Pedan is hit by Vladislav Namestnikov and loses puck.
4:55 of 3rd period - Minor Penalty to Andrey Pedan for Delaying the game.
4:56 of 3rd period - Riley Armstrong wins face-off versus Mattias Tedenby in Rocket zone.
5:51 of 3rd period - Wrist shot by Riley Armstrong.
5:51 of 3rd period - Stopped by Igor Shesterkin without a rebound.
5:52 of 3rd period - Riley Armstrong wins face-off versus Mattias Tedenby in Rocket zone.
6:55 of 3rd period - Penalty to Andrey Pedan is over, Andrey Pedan is back on ice.
7:05 of 3rd period - Ian McCoshen is hit by Jakub Vrana and loses puck.
8:07 of 3rd period - Kole Sherwood is hit by Dmitri Orlov.
8:57 of 3rd period - Slapshot by Luca Sbisa.
8:57 of 3rd period - Stopped by Marcus Hogberg without a rebound.
8:58 of 3rd period - Dominic Turgeon wins face-off versus Riley Armstrong in Griffins zone.
9:20 of 3rd period - Lucas Lessio is hit by Jiri Sekac and loses puck.
9:29 of 3rd period - Snap shot by Riley Armstrong.
9:29 of 3rd period - Stopped by Igor Shesterkin without a rebound.
9:30 of 3rd period - Corey Trivino wins face-off versus Mathew Barzal in Rocket zone.
9:41 of 3rd period - Wrist shot by Danny Kristo.
9:41 of 3rd period - Stopped by Igor Shesterkin without a rebound.
9:42 of 3rd period - Corey Trivino wins face-off versus Sonny Milano in Rocket zone.
9:48 of 3rd period - Minor Penalty to Phil Oreskovic for Slashing.
9:49 of 3rd period - Corey Trivino wins face-off versus Lucas Lessio in Griffins zone.
10:05 of 3rd period - Slapshot by Brandon Pirri.
10:05 of 3rd period - Stopped by Marcus Hogberg with a rebound.
11:48 of 3rd period - Penalty to Phil Oreskovic is over, Phil Oreskovic is back on ice.
11:58 of 3rd period - Phil Oreskovic is hit by Luca Sbisa.
12:59 of 3rd period - Slapshot by Adam Fox.
12:59 of 3rd period - Goal by Adam Fox - Griffins : 4 - Rocket : 8.
13:00 of 3rd period - Mathew Barzal wins face-off versus Corey Trivino in neutral zone.
13:03 of 3rd period - Slapshot by Marcus Pettersson.
13:03 of 3rd period - Deflect By Sonny Milano.
13:03 of 3rd period - Shot Misses the Net.
13:03 of 3rd period - Puck is out of play.
13:04 of 3rd period - Corey Trivino wins face-off versus Sonny Milano in Rocket zone.
13:15 of 3rd period - Corey Trivino is hit by Danny Kristo and loses puck.
13:29 of 3rd period - Minor Penalty to Greg McKegg for Tripping.
13:30 of 3rd period - Brandon Pirri wins face-off versus Lucas Lessio in Griffins zone.
13:51 of 3rd period - Icing by Adrian Kempe.
13:52 of 3rd period - Peter Holland wins face-off versus Vladislav Namestnikov in Rocket zone.
13:57 of 3rd period - Vladislav Namestnikov is hit by Danton Heinen and loses puck.
14:41 of 3rd period - Danny Kristo is hit by Mattias Tedenby and loses puck.
14:48 of 3rd period - Brandon Pirri is hit by Vladislav Namestnikov and loses puck.
15:29 of 3rd period - Penalty to Greg McKegg is over, Greg McKegg is back on ice.
15:35 of 3rd period - Vladislav Namestnikov is hit by Dean Kukan and loses puck.
15:40 of 3rd period - Snap shot by Jiri Sekac.
15:40 of 3rd period - Stopped by Marcus Hogberg without a rebound.
15:41 of 3rd period - Dominic Turgeon wins face-off versus Troy Terry in Griffins zone.
15:42 of 3rd period - Wrist shot by Jiri Sekac.
15:42 of 3rd period - Shot Misses the Net.
16:31 of 3rd period - Snap shot by Adam Gaudette.
16:31 of 3rd period - Stopped by Igor Shesterkin with a rebound.
16:51 of 3rd period - Minor Penalty to Viktor Loov for Tripping.
16:52 of 3rd period - Mattias Tedenby wins face-off versus Riley Armstrong in Rocket zone.
16:52 of 3rd period - Mattias Tedenby is hit by Lucas Lessio.
17:56 of 3rd period - Ryan Pulock is hit by Brandon Pirri and loses puck.
18:16 of 3rd period - Icing by Marcus Pettersson.
18:17 of 3rd period - Mathew Barzal wins face-off versus Dominic Turgeon in Griffins zone.
18:51 of 3rd period - Penalty to Viktor Loov is over, Viktor Loov is back on ice.
19:24 of 3rd period - Brendan Woods is hit by Ty Rattie and loses puck.
Goals for this period are 0 for Griffins vs 2 for Rocket.
Shots for this period are 5 for Griffins vs 8 for Rocket.